 Dungeon Crawl Stone Soup version 0.27-a0-1090-gb115f176c6 (webtiles) character file.

Game seed: 12264742775146906568

80 soylentgreeen202 the Sneak (level 4, 0/36 HPs)
             Began as a Draconian Brigand on Apr 24, 2021.
             Was a Follower of Cheibriados.
             Killed from afar by an orc wizard (5 damage)
             ... with a magic dart
             ... on level 3 of the Dungeon on Apr 28, 2021.
             The game lasted 00:14:45 (2703 turns).

soylentgreeen202 the Sneak (Draconian Brigand)      Turns: 2703, Time: 00:14:45

Health: 0/36       AC:  6    Str: 16    XL:     4   Next: 18%
Magic:  4/4        EV: 11    Int: 13    God:    Cheibriados [*.....]
Gold:   57         SH:  0    Dex: 15    Spells: 3/3 levels left

rFire    . . .     SeeInvis .   a - +2 dagger
rCold    . . .     Faith    .   (no shield)
rNeg     . . .     Spirit   .   (armour unavailable)
rPois    .         Reflect  .   (helmet restricted)
rElec    .         Harm     .   b - +0 cloak
rCorr    .         Rampage  .   (no gloves)
Will     .....                  (no boots)
Stlth    +.........             (no amulet)
HPRegen  0.12/turn              l - +4 ring of slaying
MPRegen  0.09/turn              (no ring)

@: confused, very slow
A: AC +5, unfitting armour, cold-blooded
a: Renounce Religion, Bend Time


You were on level 3 of the Dungeon.
You worshipped Cheibriados.
Cheibriados was aware of your devotion.
You visited 1 branch of the dungeon, and saw 3 of its levels.

You collected 57 gold pieces.

Inventory:

Hand Weapons
 a - a +2 dagger (weapon)
Missiles
 c - 30 poisoned darts (quivered)
 d - 52 stones
Armour
 b - a +0 cloak (worn)
Jewellery
 i - a ring of flight
 l - a +4 ring of slaying (left hand)
Scrolls
 e - a scroll of fear {unknown}
 j - a scroll of magic mapping {unknown}
 k - a scroll of identify {unknown}
 m - a scroll of enchant weapon {unknown}
Potions
 f - a potion of haste {unknown}
 g - a potion of cancellation {unknown}
 h - a potion of mutation {unknown}
 n - a potion of berserk rage {unknown}


   Skills:
 - Level 2.1 Fighting
 * Level 2.3 Short Blades
 - Level 2.2 Throwing
 - Level 1.0 Dodging
 + Level 5.0 Stealth


You had 3 spell levels left.
You didn't know any spells.
Your spell library contained the following spells:

 Spells                   Type           Power      Damage    Failure   Level
 Freeze                   Ice            0%         1d3       30%         1
 Frozen Ramparts          Ice            0%         1d2       67%         3
 Ozocubu's Armour         Ice            0%         N/A       67%         3
 Hailstorm                Conj/Ice       0%         3d3       97%         4
 Metabolic Englaciation   Hex/Ice        0%         N/A       100%        5


Dungeon Overview and Level Annotations

Branches:
Dungeon (3/15)

Altars:
Cheibriados

Annotations:
D:3 2 exclusions


Innate Abilities, Weirdness & Mutations

Your plain brown scales are hard. (AC +5)
You cannot fit into any form of body armour.
You are cold-blooded and may be slowed by cold attacks.


Message History

A puff of flame appears from out of thin air!
The puff of flame hits you!
You barely miss something.
Your tail-slap misses something.
Something hits you.
You aren't carrying any items that you can evoke.
Something hits you.
You hear some strange, mumbled words.
You are confused.
You hear some strange, mumbled words.
You are more confused.
l - a +4 ring of slaying (left hand)
You hear some strange, mumbled words.
You are more confused.
You bump into the rock wall.
The hound closely misses you. The hound bites you but does no damage.
The hound bites you.
You puncture the hound!
The hound is moderately wounded.
The hound bites you but does no damage.
You bump into the rock wall.
The hound bites you but does no damage. The hound bites you.
You bump into the rock wall.
The hound barely misses you.
You puncture the hound!
The hound is almost dead.
The hound misses you.
You bump into the rock wall.
The hound bites you but does no damage. The hound misses you.
You bump into the rock wall.
The hound bites you.
You bump into the rock wall.
The hound bites you but does no damage. The hound bites you.
* * * LOW HITPOINT WARNING * * *
You bump into the rock wall.
The hound barely misses you. The hound bites you.
* * * LOW HITPOINT WARNING * * *
The hound misses you. The hound closely misses you.
You hit the hound.
You kill the hound!
Cheibriados thoroughly appreciates the change of pace.
A magic dart appears from out of thin air!
The magic dart hits you.
You die...

######### #.......#
##.
#.#####.########.....
#.# #.##...))...# #.#
#@†{.#####..... #.#
#.#### ##. #.#####.#
#.......# ####.####
#...# #.### #.#
#########.. #.#
#..........


There were no monsters in sight!

Vanquished Creatures
  A hound (D:3)
  An iguana (D:2)
  2 dart slugs (D:2)
  2 orcs (D:3)
  2 ball pythons
  A bat (D:2)
  5 endoplasms
  5 giant cockroaches
  4 goblins
  4 hobgoblins
  4 jackals (D:1)
  2 quokkas
  A frilled lizard (D:1)
  2 kobolds (D:2)
  8 rats
44 creatures vanquished.

Vanquished Creatures (others)
  2 withered plants (D:2)
2 creatures vanquished.

Grand Total: 46 creatures vanquished

Notes
Turn   | Place    | Note
-------+----------+-------------------------------------------
     0 | D:1      | soylentgreeen202 the Draconian Brigand began the quest for
                  | the Orb.
     0 | D:1      | Reached XP level 1. HP: 17/17 MP: 1/1
     0 | D:1      | Upgraded the game from 0.27-a0-1065-ge809cff456 to
                  | 0.27-a0-1084-g78b3836a5f
   279 | D:1      | Reached skill level 1 in Dodging
   367 | D:1      | Reached XP level 2. HP: 22/24 MP: 2/2
   375 | D:1      | Upgraded the game from 0.27-a0-1084-g78b3836a5f to
                  | 0.27-a0-1090-gb115f176c6
   447 | D:1      | Reached skill level 4 in Stealth
   989 | D:2      | Reached XP level 3. HP: 14/29 MP: 3/3
  1718 | D:2      | Reached skill level 5 in Stealth
  1811 | D:2      | Reached XP level 4. HP: 36/36 MP: 4/4
  2001 | D:2      | Found a faded altar of an unknown god.
  2008 | D:2      | Became a worshipper of Cheibriados the Contemplative
  2008 | D:2      | Reached * piety under Cheibriados
  2618 | D:3      | Noticed a yak
  2703 | D:3      | Killed from afar by an orc wizard

Illustrated notes

Levels and vault maps discovered:
D:1:      elethiomel_arrival_maze, layout_loops_ring
D:2:      layout_basic, ebering_ecumenical_altar_petrified, grunt_ministairs_3,
          minmay_between
D:3:      layout_loops_ring

Skill      XL: |  1  2  3 |
---------------+----------+-----
Dodging        | 1 |  1.0
Throwing       | 2 |  2.2
Stealth        | 4 5 |  5.0
Fighting       | |  2.1
Short Blades   | |  2.3

Action                   |  1- 3 |  4- 6 || total
-------------------------+-------+-------++-------
Melee: Dagger            |    66 |    39 ||   105
       Tailslap          |    13 |     7 ||    20
Throw: Dart              |    22 |     1 ||    23
  Use: Scroll            |     1 |       ||     1
 Stab: Sleeping          |     6 |     3 ||     9
Armor: Skin              |    17 |    25 ||    42
Dodge: Dodged            |    46 |    35 ||    81

Table legend: (Time is in decaauts)
 A = Elapsed time spent in this place.
 B = Non-inter-level travel time spent in this place.
 C = Inter-level travel time spent in this place.
 D = Time resting spent in this place.
 E = Time spent auto-exploring this place.
 F = Levels seen in this place.
 G = Mean time per level.
                   A        B        C        D        E       F      G
               +--------+--------+--------+--------+--------+-----+--------+
         Total |   2848 |   2589 |    259 |    788 |    769 |   3 |  949.3 |
       Dungeon |   2848 |   2589 |    259 |    788 |    769 |   3 |  949.3 |
               +--------+--------+--------+--------+--------+-----+--------+

Top non-repeatable levels by time:
     D:1: 1237 daAuts
     D:2: 1167 daAuts
     D:3: 444 daAuts
